 Dungeon Crawl Stone Soup version 0.29-a0-1030-gf5f8719cae (webtiles) character file.

Game seed: 11922164346827791509

21 RepoMan the Trooper (level 2, -10/32 HPs)
             Began as an Ogre Hunter on Aug 14, 2022.
             Mangled by a gnoll
             ... wielding a +0 flail
              (14 damage)
             ... on level 1 of the Dungeon.
             The game lasted 00:03:55 (1010 turns).

RepoMan the Trooper (Ogre Hunter)                   Turns: 1010, Time: 00:03:57

Health: -10/32     AC:  1    Str: 14    XL:     2   Next: 83%
Magic:  2/2        EV: 10    Int: 10    God:
Gold:   47         SH:  0    Dex: 12    Spells: 1/1 levels left

rFire   . . .      SeeInvis .     - Unarmed
rCold   . . .      Faith    .   (no shield)
rNeg    . . .      Spirit   .   (body armour restricted)
rPois   .          Reflect  .   (helmet restricted)
rElec   .          Harm     .   (no cloak)
rCorr   .          Rampage  .   (gloves unavailable)
Will    .....                   (boots unavailable)
Stlth   +.........              (no amulet)
HPRegen 0.10/turn               (no ring)
MPRegen 0.08/turn               (no ring)

@: no status effects
A: large, unfitting armour, tough skin 1
a: no special abilities


You were on level 1 of the Dungeon.
You visited 1 branch of the dungeon, and saw 1 of its levels.

You collected 47 gold pieces.

Inventory:

Missiles
 b - an atropa-tipped dart (quivered)
 e - 3 stones
 g - 2 large rocks
 i - 6 poisoned darts
Magical Staves
 c - a staff of poison
Scrolls
 d - a scroll of butterflies {unknown}
 k - 2 scrolls of enchant weapon {unknown}
Potions
 a - a potion of brilliance {unknown}
 f - a potion of heal wounds {unknown}
 h - a potion of invisibility {unknown}
 j - 2 potions of haste {unknown}
 l - a potion of curing {unknown}


   Skills:
 + Level 3.8 Fighting
 * Level 1.2 Throwing
 - Level 1.7 Dodging
 - Level 0.6 Stealth
 - Level 3.6 Unarmed Combat


You had one spell level left.
You didn't know any spells.
Your spell library was empty.

Dungeon Overview and Level Annotations

Branches:
Dungeon (1/15)

Altars:


Innate Abilities, Weirdness & Mutations

You are too large for most types of armour.
You have tough skin. (AC +1)


Message History

The gnoll barely misses you.
You hit the gnoll.
The gnoll is moderately wounded.
The gnoll hits you with a +0 flail!
You hit the gnoll.
The gnoll is heavily wounded.
The gnoll is no longer blind.
The gnoll barely misses you.
You barely miss the gnoll.
The gnoll is heavily wounded.
The gnoll hits you with a +0 flail!
Throw: 6 large rocks
Press: ? - help, Shift-Dir - straight line, f/p - gnoll
Aim: a gnoll, wielding a +0 flail (heavily wounded, 61% to hit)
You throw a large rock.
The large rock completely misses the gnoll.
The gnoll closely misses you. The gnoll hits you with a +0 flail.
Throw: 5 large rocks
Press: ? - help, Shift-Dir - straight line, f/p - gnoll
Aim: a gnoll, wielding a +0 flail (heavily wounded, 61% to hit)
You throw a large rock. The large rock barely misses the gnoll.
The gnoll hits you with a +0 flail!
* * * LOW HITPOINT WARNING * * *
Unknown command.
Okay, then.
Okay, then.
Unknown command.
Throw: 4 large rocks
Press: ? - help, Shift-Dir - straight line, f/p - gnoll
Aim: a gnoll, wielding a +0 flail (heavily wounded, 61% to hit)
You throw a large rock. The large rock hits the gnoll.
The gnoll is severely wounded.
The gnoll misses you. The gnoll barely misses you.
Throw: 3 large rocks
Press: ? - help, Shift-Dir - straight line, f/p - gnoll
Aim: a gnoll, wielding a +0 flail (severely wounded, 61% to hit)
You throw a large rock.
The large rock hits the gnoll but does no damage.
The gnoll is severely wounded.
The gnoll hits you with a +0 flail!
You die...

. ###### ≈≈ ≈≈#....# ≈.
.≈#....#### ..
♣.≈#.......#########
≈.♣♣♣8..+................
≈..8♣..≈#....###.########
≈≈....≈≈##†#####@##
#≈≈.≈≈≈##......g..#
###'######.#####.(#
........##...# #.....g.#
.......#####.# ##.####.#
#####..# #.# #.# # #..#
#.# #.# # #..# #.# #.# #
#..#####.# #.#


You could see a gnoll.

Vanquished Creatures
  A dart slug (D:1)
  3 endoplasms (D:1)
  2 giant cockroaches (D:1)
  3 kobolds (D:1)
  A quokka (D:1)
  3 ball pythons (D:1)
  2 bats (D:1)
  2 goblins (D:1)
  2 rats (D:1)
19 creatures vanquished.

Notes
Turn   | Place    | Note
-------+----------+-------------------------------------------
     0 | D:1      | RepoMan the Ogre Hunter began the quest for the Orb.
     0 | D:1      | Reached XP level 1. HP: 22/22 MP: 1/1
   297 | D:1      | Reached XP level 2. HP: 15/31 MP: 2/2
   791 | D:1      | Reached skill level 1 in Throwing
  1010 | D:1      | Mangled by a gnoll

Illustrated notes

Levels and vault maps discovered:
D:1:      lightli_arrival_flooded_house, layout_loops_ring,
          kennysheep_another_room

Skill      XL: |  1  2 |
---------------+-------+-----
Fighting       | 3 |  3.8
Throwing       | 1 |  1.2
Dodging        | |  1.7
Stealth        | |  0.6
Unarmed Combat | |  3.6

Action                   || total
-------------------------++-------
Melee: Unarmed           ||    75
       Punch             ||     1
Throw: Dart              ||     2
       Large rock        ||     4
 Stab: Invisible         ||     1
Armor: Skin              ||    13
Dodge: Dodged            ||    35

Table legend: (Time is in decaauts)
 A = Elapsed time spent in this place.
 B = Non-inter-level travel time spent in this place.
 C = Inter-level travel time spent in this place.
 D = Time resting spent in this place.
 E = Time spent auto-exploring this place.
 F = Levels seen in this place.
 G = Mean time per level.
                   A        B        C        D        E       F      G
               +--------+--------+--------+--------+--------+-----+--------+
         Total |   1006 |   1006 |      0 |    385 |    333 |   1 | 1006.0 |
       Dungeon |   1006 |   1006 |      0 |    385 |    333 |   1 | 1006.0 |
               +--------+--------+--------+--------+--------+-----+--------+

Top non-repeatable levels by time:
     D:1: 1006 daAuts
